 Dungeon Crawl Stone Soup version 0.30-b1-2-g02819fbbbe (webtiles) character file.

Game seed: 2835554676557659799

11079 redmage the Zephyrmancer (level 12, 0/81 HPs)
             Began as a Meteoran Earth Elementalist on Aug 7, 2023.
             Was an Elder of Sif Muna.
             Slain by a yak (11 damage)
             ... on level 2 of the Lair of Beasts.
             The game lasted 00:53:06 (2749 turns).

redmage the Zephyrmancer (MeEE)                     Turns: 2749, Time: 00:53:07

Health: 0/81       AC:  9    Str: 11    XL:     12   Next: 29%
Magic:  6/20       EV: 12    Int: 21    God:    Sif Muna [****..]
Gold:   418        SH:  0    Dex: 15    Spells: 4/21 levels left

rFire   . . .        c - staff of conjuration
rCold   . . .        (no shield)
rNeg    . . .        C - +0 steam dragon scales
rPois   .            G - +2 hat
rElec   .            (no cloak)
rCorr   .            (no gloves)
SInv    .            F - +1 pair of boots {Stlth+}
Will    +....        n - amulet of faith
Stlth   +            (no ring)
HPRegen 0.33/turn    (no ring)
MPRegen 0.17/turn

%: faith
@: glowing
A: sense surroundings 2, otherworldly, glowing, explore regen
a: Renounce Religion, Channel Magic, Forget Spell, Divine Exegesis


You were on level 2 of the Lair of Beasts.
You worshipped Sif Muna.
Sif Muna was greatly pleased with you.
You visited 2 branches of the dungeon, and saw 13 of its levels.
You also visited: Ossuary and Bailey.

You collected 418 gold pieces.

Inventory:

Hand Weapons
 o - the +2 falchion "Telogonni" {flame, Will+}
   (You found it on level 2 of the Lair of Beasts)

   Will:      It increases your willpower.
 B - a +2 scimitar of flaming
Missiles
 h - 2 boomerangs of dispersal
 z - a curare-tipped dart
Armour
 k - a +2 ring mail of willpower
 C - +0 steam dragon scales (worn)
 D - the +3 scale mail of the Morning Star {rF+}
   (You found it in a bailey)

   rF:        It protects you from fire.
 E - a +1 kite shield of protection
 F - a +1 pair of boots of stealth (worn)
 G - a +2 hat (worn)
Magical Staves
 a - a staff of poison
 c - a staff of conjuration (weapon)
Jewellery
 n - an amulet of faith (around neck)
Wands
 y - a wand of paralysis (12)
Scrolls
 d - 7 scrolls of teleportation
 e - 3 scrolls of enchant weapon
 f - 2 scrolls of fog
 r - a scroll of summoning
 s - a scroll of blinking
Potions
 b - a potion of magic
 g - 3 potions of mutation
 i - 2 potions of resistance {unknown}
 j - 3 potions of brilliance {unknown}
 l - 4 potions of curing
 m - 2 potions of flight
 p - 2 potions of attraction {unknown}
 q - 2 potions of haste {unknown}
 t - a potion of might {unknown}
 u - a potion of heal wounds {unknown}
 v - 2 potions of cancellation {unknown}


   Skills:
 - Level 2.4 Dodging
 - Level 1.4 Stealth
 - Level 5.1 Spellcasting
 - Level 7.0 Conjurations
 - Level 9.0 Summonings
 * Level 6.3 Transmutations
 + Level 12.5 Air Magic
 - Level 7.5 Earth Magic
 - Level 10.0 Invocations


You had 4 spell levels left.
You knew the following spells:

 Your Spells              Type           Power      Damage    Failure   Level
a - Sandblast             Erth           72%        2d16      1%          1
b - Passwall              Tmut/Erth      28%        N/A       1%          2
c - Stone Arrow           Conj/Erth      100%       3d13      1%          3
d - Summon Lightning Spi  Summ/Air       50%        N/A       1%          4
w - Storm Form            Tmut/Air       22%        N/A       88%         7

Your spell library contained the following spells:

 Spells                   Type           Power      Damage    Failure   Level
 Magic Dart               Conj           100%       1d8       1%          1
 Searing Ray              Conj           100%       2d8       1%          2
 Kiss of Death            Conj/Necr      100%       2d13      2%          1
 Petrify                  Tmut/Erth      34%        N/A       6%          4
 Dazzling Flash           Conj/Hex       60%        N/A       8%          3
 Hailstorm                Conj/Ice       30%        3d8       8%          3
 Summon Ice Beast         Ice/Summ       24%        N/A       17%         4
 Fulminant Prism          Conj/Hex       15%        3d11      26%         4
 Iskenderun's Mystic Bla  Conj/Tloc      30%        2d8       26%         4
 Volatile Blastmotes      Fire/Tloc      10%        2d10      32%         3
 Manifold Assault         Tloc           5%         N/A       71%         4
 Arcjolt                  Conj/Air       31%        1d41      5%          5
 Lee's Rapid Deconstruct  Erth           18%        3d11*     14%         5
 Iskenderun's Battlesphe  Conj           51%        2d10      16%         5
 Summon Mana Viper        Hex/Summ       24%        N/A       43%         5
 Monstrous Menagerie      Summ           21%        N/A       91%         7
 Maxwell's Capacitive Co  Air            27%        ∞         99%         8
 Lehudib's Crystal Spear  Conj/Erth      26%        10d7      100%        8


Dungeon Overview and Level Annotations

Branches:
Dungeon (10/15) Zot: 3933  Temple (0/1) D:5            Lair (3/5) D:10 Zot: 1592
  Snake (0/4) Lair:2      Ossuary (visited)          Bailey (visited)
  Swamp: Lair:2-3    Shoals: Lair:2-3       Orc: D:9-12

Altars:
Cheibriados
Dithmenos
Gozag
Hepliaklqana
Kikubaaqudgha
Nemelex Xobeh
Okawaru
Sif Muna
Xom
Zin

Shops:
D:3 ?

Annotations:
D:4 NimIero's ghost, amateur DsIE
D:5 Sigmund
D:8 2 runed translucent doors
D:9 Erolcha


Innate Abilities, Weirdness & Mutations

You passively map the area around you.
You are easily found by Zot.
You glow in the dark.
You regain HP and MP as you explore.


Message History

Casting: Stone Arrow (safe; 1% risk of failure)
Confirm with . or Enter, or press ? or * to list all spells.
Aiming: Sandblast (safe; 1% risk of failure)
Press: ? - help, Shift-Dir - straight line, f/p - yak
Aim: a yak (almost dead, 90% to hit)
The blast of sand hits the yak!!
You kill the yak!
Sif Muna accepts your kill.
The bullfrog hits you. x2; The yak gores you.
The yak gores you but does no damage.
Unknown command.
Unknown command.
The bullfrog barely misses you. The yak gores you.
Your lightning spire shoots out a bolt of lightning at the bullfrog!
The bolt of electricity hits the cane toad!
The bolt of electricity hits the bullfrog!
The yak gores you!
You climb upwards.
There is a stone staircase leading down here.
Casting: Sandblast (safe; 1% risk of failure)
Confirm with . or Enter, or press ? or * to list all spells.
An electric hum fills the air.
The yak gores you but does no damage. The yak gores you!
* * * LOW HITPOINT WARNING * * *
Unknown command.
Unknown command.
Unknown command.
Unknown command.
Casting: Summon Lightning Spire (mildly dangerous; 1% risk of failure)
Confirm with . or Enter, or press ? or * to list all spells.
Okay, then.
The bullfrog snags a nearby blue-tailed skink with its tongue.
The bullfrog hits your lightning spire but does no damage.
The yak attacks as you move away! The yak gores you.
* * * LOW HITPOINT WARNING * * *
The yak attacks as you move away! The yak barely misses you.
The bullfrog hits your lightning spire!
Unknown command.
The yak attacks as you move away! The yak gores you!
You die...

#........~~~.....~~~~,
* * *
#.....<...~~~...~~~~. ,
, *
##.........~~~~~~~.#.
*, ##.........~~~~~.##
* *,* ##..^.....~....~#
* #........P...### ,
#.#......PP...P## *,
##....†.........#####*
#.........8..Y@.......,
,
##........F...Y....#.#
,, #..........>......#*
* , #..<.............##
##.......#......## *
##.....###.....# * ,
*.....# #....#.# * *
,..... #.......# * ,,
,... ........., ,,


You could see 2 yaks, a bullfrog (distracted, ally target) and a friendly
lightning spire (summoned).

Vanquished Creatures
  Gastronok (D:9)
  2 two-headed ogres
  An orc knight (Bailey)
  An orc sorcerer (Bailey)
  A cane toad (Lair:1)
  A komodo dragon (Lair:1)
  A wyvern (Lair:2)
  A nameless horror (Bailey)
  4 yaks
  Eustachio (D:6)
  A wraith (D:9)
  Menkaure (D:7)
  2 steam dragons
  Edmund (D:5)
  2 water moccasins
  4 orc warriors
  3 sky beasts
  2 centaurs
  A phantom (D:5)
  2 kobold brigands
  5 bullfrogs
  Blork the orc (D:4)
  5 scorpions
  5 killer bees (D:7)
  3 electric eels
  A howler monkey (D:7)
  2 centaur zombies (Ossuary)
  A human zombie (Ossuary)
  4 orc priests
  3 hounds
  2 sleepcaps
  A gnoll bouda (D:7)
  An iguana (D:6)
  8 orc wizards
  3 mummies (Ossuary)
  10 gnolls
  7 adders
  2 white imps
  A worm (D:4)
  26 orcs
  A ball python (D:4)
  A bat (D:1)
  A giant cockroach (D:4)
  3 gnoll zombies (Ossuary)
  5 hobgoblins
  4 quokkas
  A frilled lizard (D:3)
  8 goblins
  A goblin zombie (Ossuary)
  6 kobolds
  An orc zombie (Ossuary)
156 creatures vanquished.

Vanquished Creatures (collateral kills)
  An orc knight (Bailey)
  2 cane toads (Lair:1)
  Maggie (D:7)
  2 komodo dragons
  A kobold demonologist (Bailey)
  3 yaks
  A naga (Lair:2)
  An orc warrior (Bailey)
  A gnoll sergeant (D:7)
  An iguana (D:7)
  2 orc wizards (D:8)
  A gnoll (Bailey)
  A white imp (D:7)
  3 orcs
  7 goblins (Bailey)
  4 hobgoblins (Bailey)
  A kobold (D:9)
33 creatures vanquished.

Vanquished Creatures (others)
  12 plants
12 creatures vanquished.

Grand Total: 201 creatures vanquished

Notes
Turn   | Place    | Note
-------+----------+-------------------------------------------
     0 | D:1      | redmage the Meteoran Earth Elementalist began the quest for
                  | the Orb.
     0 | D:1      | Reached XP level 1. HP: 14/14 MP: 5/5
    46 | D:1      | Reached XP level 2. HP: 20/20 MP: 4/6
   113 | D:2      | Reached XP level 3. HP: 18/26 MP: 4/8
   119 | D:2      | Learned a level 2 spell: Passwall
   123 | D:2      | Learned a level 3 spell: Stone Arrow
   166 | D:3      | Found Irch's Magic Scroll Shop.
   208 | D:3      | Reached skill level 1 in Conjurations
   243 | D:3      | Noticed a scorpion
   249 | D:3      | Killed a scorpion
   250 | D:3      | Reached skill level 5 in Earth Magic
   250 | D:3      | Reached XP level 4. HP: 26/33 MP: 4/9
   250 | D:3      | Reached XP level 5. HP: 30/38 MP: 4/10
   279 | D:4      | Noticed a small abomination
   291 | D:4      | Noticed a kobold brigand
   294 | D:4      | Noticed NimIero's ghost (amateur DsIE)
   339 | D:3      | Reached XP level 6. HP: 45/45 MP: 5/11
   471 | D:4      | Noticed Blork the orc
   475 | D:4      | Killed Blork the orc
   476 | D:4      | Reached skill level 5 in Conjurations
   493 | D:4      | Reached XP level 7. HP: 45/50 MP: 3/12
   609 | D:5      | Entered Level 5 of the Dungeon
   630 | D:5      | Identified a scroll of acquirement
   630 | D:5      | Acquired Onora's Almanac of Moving Trauma
   634 | D:5      | Noticed Sigmund
   634 | D:5      | Noticed Edmund
   638 | D:5      | Killed Edmund
   722 | D:4      | Found an ancient bone altar of Kikubaaqudgha.
   730 | D:4      | Got Kikubaaqudgha's Octavo of Evil
   737 | D:4      | Found a shimmering blue altar of Sif Muna.
   742 | D:4      | Became a worshipper of Sif Muna the Loreminder
   773 | D:5      | Found a sparkling altar of Nemelex Xobeh.
   775 | D:5      | Found a glowing silver altar of Zin.
   777 | D:5      | Found an opulent altar of Gozag.
   777 | D:5      | Found an iron altar of Okawaru.
   782 | D:5      | Noticed a water moccasin
   783 | D:5      | Found a snail-covered altar of Cheibriados.
   784 | D:5      | Killed a water moccasin
   785 | D:5      | Reached XP level 8. HP: 57/57 MP: 10/13
   804 | D:6      | Found a shadowy altar of Dithmenos.
   819 | D:6      | Noticed Eustachio
   843 | D:5      | Found a hazy altar of Hepliaklqana.
   870 | D:5      | Found a staircase to the Ecumenical Temple.
   959 | D:5      | Reached skill level 5 in Invocations
   966 | D:5      | Found a sand-covered staircase.
   972 | Ossuary  | Entered an ossuary
  1059 | Ossuary  | Reached * piety under Sif Muna
  1187 | D:6      | Killed Eustachio
  1211 | D:6      | Gained mutation: You passively map the area around you.
                  | [Meteoran growth]
  1211 | D:6      | Reached XP level 9. HP: 62/62 MP: 3/15
  1359 | D:6      | Reached skill level 5 in Spellcasting
  1400 | D:6      | Learned a level 4 spell: Summon Lightning Spire
  1466 | D:7      | Reached ** piety under Sif Muna
  1469 | D:7      | Reached skill level 1 in Summonings
  1469 | D:7      | Reached skill level 1 in Air Magic
  1473 | D:7      | Reached skill level 2 in Air Magic
  1606 | D:7      | Noticed Maggie
  1610 | D:7      | Reached skill level 3 in Air Magic
  1628 | D:7      | Killed Maggie
  1629 | D:7      | Reached skill level 4 in Air Magic
  1629 | D:7      | Reached XP level 10. HP: 69/69 MP: 0/18
  1661 | D:7      | Found a flagged portal.
  1670 | Bailey   | Entered a bailey
  1684 | Bailey   | Noticed an orc knight
  1702 | Bailey   | Noticed a nameless horror
  1705 | Bailey   | Killed an orc knight
  1706 | Bailey   | Reached skill level 5 in Summonings
  1706 | Bailey   | Reached skill level 5 in Air Magic
  1708 | Bailey   | Killed a nameless horror
  1802 | Bailey   | Reached *** piety under Sif Muna
  1803 | Bailey   | Reached skill level 6 in Air Magic
  1869 | Bailey   | Noticed an orc knight
  1887 | Bailey   | Killed an orc knight
  1921 | Bailey   | Reached skill level 10 in Invocations
  1944 | Bailey   | Found an iron altar of Okawaru.
  1944 | Bailey   | Noticed an orc sorcerer
  1944 | Bailey   | Noticed a kobold demonologist
  1949 | Bailey   | Killed an orc sorcerer
  1950 | Bailey   | Reached skill level 7 in Air Magic
  1951 | Bailey   | Killed a kobold demonologist
  1960 | Bailey   | Identified the +3 scale mail of the Morning Star {rF+}
  1987 | Bailey   | Identified the +5 falchion of Imminent Death {freeze, rF-
                  | Will- rCorr Dex+7}
  2094 | D:7      | Reached XP level 11. HP: 70/74 MP: 10/19
  2094 | D:7      | Noticed a two-headed ogre
  2099 | D:7      | Killed a two-headed ogre
  2100 | D:7      | Reached skill level 8 in Air Magic
  2129 | D:7      | Noticed Menkaure
  2133 | D:7      | Killed Menkaure
  2232 | D:7      | Reached skill level 9 in Air Magic
  2287 | D:8      | Found a large runed translucent door.
  2288 | D:8      | Found a large runed translucent door.
  2299 | D:8      | Reached **** piety under Sif Muna
  2328 | D:9      | Noticed Gastronok
  2337 | D:9      | Killed Gastronok
  2338 | D:9      | Reached skill level 10 in Air Magic
  2347 | D:9      | Found a shimmering altar of Xom.
  2353 | D:9      | Reached skill level 11 in Air Magic
  2390 | D:9      | Noticed Erolcha
  2404 | D:9      | Noticed a two-headed ogre
  2409 | D:9      | Killed a two-headed ogre
  2435 | D:10     | Entered Level 10 of the Dungeon
  2512 | D:10     | Found a staircase to the Lair.
  2551 | Lair:1   | Entered Level 1 of the Lair of Beasts
  2559 | Lair:1   | Reached skill level 12 in Air Magic
  2559 | Lair:1   | Reached XP level 12. HP: 81/81 MP: 11/20
  2643 | Lair:1   | Reached skill level 5 in Transmutations
  2677 | Lair:2   | Learned a level 7 spell: Storm Form
  2678 | Lair:2   | Found a staircase to the Snake Pit.
  2686 | Lair:2   | Identified the +2 falchion "Telogonni" {flame, Will+}
  2749 | Lair:2   | Slain by a yak

Illustrated notes

Levels and vault maps discovered:
D:1:      tarquinn_simple_flora_water_a, layout_basic,
          ebering_ecumenical_altar_sacrificial
D:2:      minmay_chambers_of_ones, layout_loops_ring
D:3:      layout_basic, serial_shops, nicolae_shop_back_alley_shop,
          grunt_ministairs_9
D:4:      layout_loops_ring, palyth_temple_overflow_mages,
          gammafunk_ghost_abyssal_escape, uniq_blork_the_orc
D:5:      layout_basic, nicolae_overflow_hallway_of_the_gods,
          kennysheep_mini_moat, minmay_temple_entry_junction_2,
          nicolae_ossuary_entry_false_entrances, nrook_mini_vaults,
          corexii_corridor_pit, sigmund_edmund_badplayer
D:6:      layout_rooms, mainiacjoe_overflow_small_starburst, uniq_eustachio
D:7:      hangedman_cross_stitches, layout_basic, enter_bailey_3, uniq_maggie,
          uniq_menkaure
D:8:      lemuel_ice_statue, layout_basic, jmf_multi_god_temple2, tso_altar,
          nicolae_ru_the_path_less_chosen, mainiacjoe_overflow_surrounded_room,
          serial_bayou, serial_bayou_pond_b, serial_bayou_shore_b,
          serial_bayou_pond_c, serial_bayou_pond_d
D:9:      layout_rooms, xom_redecorated, chequers_avenue, uniq_erolcha,
          uniq_gastronok
D:10:     layout_irregular_city, david_lair_shrubbed, kennysheep_boxes,
          uniq_urug
Lair:1:   layout_hall_layers
Lair:2:   layout_gridlike, guppyfry_snake_entry_island, lemuel_another_geyser,
          serial_bayou_shore_b
Lair:3:   layout_regular_city, nicolae_swamp_entry_spooky, grunt_megastairs_4

Skill      XL: |  1  2  3  4  5  6  7  8  9 10 11 12 |
---------------+-------------------------------------+-----
Spellcasting   | 3 5 |  5.1
Earth Magic    | 4 5 6 7 |  7.5
Conjurations   | 2 4 5 6 7 |  7.0
Invocations    | 3 7 9 10 | 10.0
Summonings     | 4 7 9 |  9.0
Air Magic      | 4 7 12 | 12.5
Transmutations | 3 6 |  6.3
Dodging        | |  2.4
Stealth        | |  1.4

Action                     |  1- 3 |  4- 6 |  7- 9 | 10-12 || total
---------------------------+-------+-------+-------+-------++-------
  Melee: Staff             |       |       |     1 |     2 ||     3
   Cast: Sandblast         |    18 |    26 |    80 |    50 ||   174
         Stone Arrow       |     1 |     8 |    48 |    81 ||   138
         Passwall          |       |       |    12 |       ||    12
         Summon Lightning  |       |       |     1 |    25 ||    26
 Invoke: Channel Magic     |       |       |     1 |     3 ||     4
  Evoke: Wand              |       |       |     1 |     1 ||     2
    Use: Scroll            |       |       |     6 |     7 ||    13
         Potion            |       |       |     3 |       ||     3
 Armour: Robe              |       |     2 |     9 |     1 ||    12
         Steam dragon scal |       |       |       |     8 ||     8
  Dodge: Dodged            |     4 |     1 |    43 |    29 ||    77
